Merlek, lawful female human Valkyrie --- --- -- -- --.| --.--- ----.--.--- ---..| --....-- |.........-- -----..*.| . |......| --- .........| --.|......----. |.....-- |..-- --........- |..........--.- |-....| --- --....--......... --...---......-- --)....| |....................- ----- |....(..---......| |....................--- --.--..@.........| -...................-- ----.d..........| ---..............%-....---------...-......----- |...................%.....).%.......^.....| |............ -#-##-###-#---....---.....-- -- --.... -..--- ---...| -- | ..... |..-- |....- ---- |....| --..-- |..| ---- Merlek the Skirmisher Experience level: 5 Strength: 18 Dexterity: 12 Constitution: 17 Intelligence: 11 Wisdom: 8 Charisma: 9 Health: 0(64) Energy: 8(8) Def: 4 Gold: 493 Moves: 1795 Dungeon seed: c4L7RXmq5OA06gjP Game ID: Merlek_1670508763 Your Inventory: Coins $ - 493 gold pieces Weapons a - an uncursed +1 long sword (weapon in hand) b - 11 uncursed +0 daggers (in quiver) m - an uncursed +0 short sword w - 5 blessed +0 daggers B - 7 cursed +0 darts Armor e - a blessed +3 small shield (being worn) q - a cursed -4 studded leather armor Comestibles c - 3 uncursed food rations i - an uncursed sprig of wolfsbane l - 2 uncursed tripe rations D - an uncursed egg Scrolls f - an uncursed scroll of teleportation h - a blessed scroll of light j - an uncursed scroll of amnesia s - a cursed scroll of confuse monster u - an uncursed scroll of identify Spellbooks g - an uncursed spellbook of turn undead t - an uncursed spellbook of jumping Potions o - an uncursed potion of fruit juice A - an uncursed potion of full healing C - a blessed potion of fruit juice Wands x - an uncursed wand of cold (0:7) Tools d - an uncursed oil lamp (0:1052) k - an uncursed skeleton key p - 7 uncursed wax candles (0:400) r - 6 uncursed tallow candles (0:200) v - an uncursed sack z - 4 cursed tallow candles (0:200) Gems n - an uncursed turquoise stone y - an uncursed worthless piece of red glass Spells and supernatural/magical abilities: Name Level Category Cost Memory W - pray for help -- divine ? -- Your skills at the end: Fighting Skills wands [Basic] Weapon Skills dagger [Basic] long sword [Basic] Spellcasting Skills Final Attributes: You were piously aligned. You were immune to cold. You were stealthy. You were lucky. Tyr was noncommittal. You are dead. Vanquished creatures: a gnome king 5 gnome lords a kobold lord an iguana a coyote a large kobold a cave spider 19 gnomes a gecko 5 jackals 4 sewer rats 4 grid bugs a lichen a kobold zombie a newt 47 creatures vanquished. Voluntary challenges: You used a wielded weapon 70 times, starting on turn 292. You were illiterate. You never genocided any monsters. You never polymorphed an object. You never changed form. You used no wishes. You never split a pudding. You never wrote Elbereth's name. You never violated your personal moral code. Dungeon overview: The Dungeons of Doom: levels 1 to 6 Level 1 a fountain a long staircase Level 2 an altar to Tyr, a fountain stairs to The Gnomish Mines Level 3 a general store, a fountain Level 4 a fountain Level 5 a fountain, a sink, a vault Level 6 The Gnomish Mines: levels 3 to 5 Level 3 stairs to The Dungeons of Doom Level 4 Level 5 <- You were here History has recorded: On T:1 you entered the Dungeons of Doom to retrieve the Amulet of Yendor! On T:96 you reached level 2 of The Dungeons of Doom. On T:425 you reached level 1 of The Gnomish Mines. On T:470 you reached level 3 of The Dungeons of Doom. On T:685 you reached level 4 of The Dungeons of Doom. On T:764 you reached level 5 of The Dungeons of Doom. On T:1041 you advanced to experience level 2. On T:1145 you reached level 6 of The Dungeons of Doom. On T:1235 you advanced to experience level 3. On T:1390 you advanced to experience level 4. On T:1511 you reached level 2 of The Gnomish Mines. On T:1528 you advanced to experience level 5. On T:1547 you reached level 3 of The Gnomish Mines. Score breakdown: Gold: 493 ( 9163 points) Experience: 5 levels (11141 points) Exploration: 6 levels ( 11.76%) ( 9486 points) Discoveries: 0 items ( 0.00%) ( 0 points) Valuables value: (no points given unless you survive) Artifact value: 0 ( 0 points) Variety of kills: 15 monsters ( 3.95%) ( 5960 points) Turncount: 1795 turns ( 0 points) Survival: died (score multiplied by 80%) Total score: 28600 Latest messages: You hit the gnome queen! The gnome just misses! You hit the gnome queen! The gnome queen hits! You hit the gnome queen! The gnome queen hits! The gnome hits! You displace the dwarf. There are a few objects here. The gnome picks up a few items from the floor. The dog bites! The giant ant displaces the dwarf. The gnome queen throws a dart! The dart hits the gnome. The dog bites! The gnome wields a bow! The gnome queen displaces the dwarf. The dog bites! (2x) You hit the dog! The dog bites! (2x) You die... The sack is empty. Final status: Farvel Merlek the Valkyrie, killed by a dog... You died in The Gnomish Mines on dungeon level 5 with 28600 points, and 493 pieces of gold, after 1795 moves. You were level 5 with a maximum of 64 hit points when you died.